 Dungeon Crawl Stone Soup version 0.29-a0-925-g0a7a3d12f8 (webtiles) character file.

Game seed: 5049044919670766324

8633 inmateoo the Cleaver (level 11, -1/99 HPs)
             Began as a Minotaur Gladiator on July 28, 2022.
             Was an Initiate of Gozag.
             Slain by a death yak (11 damage)
             ... on level 10 of the Dungeon.
             The game lasted 00:08:43 (10538 turns).

inmateoo the Cleaver (Minotaur Gladiator)          Turns: 10538, Time: 00:08:44

Health: -1/99      AC: 23    Str: 23    XL:     11   Next: 12%
Magic:  10/10      EV:  9    Int:  5    God:    Gozag
Gold:   179        SH: 13    Dex: 18    Spells: 10/10 levels left

rFire   . . .      SeeInvis +   M - +1 war axe (freeze)
rCold   . . .      Faith    .   J - +0 kite shield {AC+3}
rNeg    . . .      Spirit   .   Q - +2 plate armour {rPois}
rPois   +          Reflect  +   c - +0 hat
rElec   .          Harm     .   a - scarf {repulsion}
rCorr   .          Rampage  .   o - +0 pair of gloves
Will    .....                   n - +1 pair of boots
Stlth   ..........              D - amulet of reflection
HPRegen 0.26/turn               h - ring of see invisible
MPRegen 0.12/turn               y - +6 ring of dexterity

@: gold aura, repel missiles
A: horns 2, retaliatory headbutt
a: Renounce Religion, Potion Petition, Call Merchant, Bribe Branch


You were on level 10 of the Dungeon.
You worshipped Gozag.
Gozag was aware of your devotion.
You visited 2 branches of the dungeon, and saw 11 of its levels.
You also visited: Bailey.

You collected 968 gold pieces.
You spent 705 gold pieces at shops.
You paid 84 gold pieces to Gozag.

Inventory:

Hand Weapons
 z - a +0 whip of electrocution
 M - a +1 war axe of freezing (weapon)
 N - a +0 broad axe
Missiles
 d - 3 throwing nets (quivered)
 e - a javelin
 K - 5 curare-tipped darts
Armour
 a - a scarf of repulsion (worn)
 c - a +0 hat (worn)
 n - a +1 pair of boots (worn)
 o - a +0 pair of gloves (worn)
 J - a +0 kite shield of protection (worn)
 Q - a +2 plate armour of poison resistance (worn)
Jewellery
 b - a ring of willpower
 h - a ring of see invisible (left hand)
 p - the ring "Xoitog" {MP+9 Int+6}
   (You found it on level 3 of the Dungeon)

   [ring of intelligence]

   Int:       It affects your intelligence (+6).
   MP:        It affects your magic capacity (+9).
 x - a ring of magical power
 y - a +6 ring of dexterity (right hand)
 B - an amulet of guardian spirit
 D - an amulet of reflection (around neck)
 O - a +6 ring of intelligence
Wands
 r - a wand of acid (2)
 v - a wand of charming (7)
 E - a wand of polymorph (4)
 G - a wand of flame (40)
Scrolls
 g - 9 scrolls of teleportation
 q - a scroll of magic mapping
 u - 3 scrolls of amnesia
 w - a scroll of butterflies
 A - 3 scrolls of silence
 F - 5 scrolls of fear
 L - a scroll of identify
 P - a scroll of enchant armour
Potions
 f - 5 potions of heal wounds
 i - 6 potions of curing
 j - 2 potions of ambrosia
 k - 5 potions of might
 l - a potion of haste
 s - 11 potions of flight
 t - 3 potions of brilliance {unknown}
 C - 2 potions of magic
 H - a potion of lignification
 I - 2 potions of mutation


   Skills:
 + Level 9.6 Fighting
 * Level 13.5 Axes
 - Level 2.0 Throwing
 + Level 9.2 Armour
 + Level 9.2 Dodging


You had 10 spell levels left.
You didn't know any spells.
Your spell library contained the following spells:

 Spells                   Type           Power      Damage    Failure   Level
 Static Discharge         Conj/Air       0%         3-3/arc   100%        2
 Ozocubu's Armour         Ice            0%         N/A       100%        3
 Dispel Undead            Necr           0%         3d6       100%        4
 Sticky Flame             Conj/Fire      0%         2d3       100%        4
 Summon Ice Beast         Ice/Summ       0%         N/A       100%        4
 Iskenderun's Battlesphe  Conj           0%         2d6       100%        5
 Iron Shot                Conj/Erth      0%         9d1       100%        6
 Spellforged Servitor     Conj/Summ      0%         N/A       100%        7
 Polar Vortex             Ice            0%         N/A       100%        9


Dungeon Overview and Level Annotations

Branches:
Dungeon (10/15)            Temple (1/1) D:7             Orc (0/2) D:9
 Bailey (visited)
   Lair: D:8-11

Altars:
Ashenzari
Cheibriados
Dithmenos
Elyvilon
Fedhas
Gozag
Hepliaklqana
Kikubaaqudgha
Makhleb
Nemelex Xobeh
Qazlal
Ru
Trog
Uskayaw
Vehumet
Wu Jian
Xom
Yredelemnul
The Shining One

Shops:
D:5 [   D:9 [(:(


Innate Abilities, Weirdness & Mutations

You have a pair of horns on your head.
You reflexively headbutt those who attack you in melee.


Message History

You barely miss the death yak.
You headbutt the death yak, but do no damage.
The death yak is lightly wounded.
You block the gnoll's attack. The death yak gores you.
You slice the death yak!! You freeze the death yak.
The death yak is moderately wounded.
You hear a shout!
The gnoll is distracted by your dazzling golden aura.
You block the gnoll's attack.
The death yak gores you but does no damage.
A gnoll comes into view. It is wielding a +0 whip.
You hear a shout!
The gnoll shouts!
You barely miss the death yak. You headbutt the death yak.
The death yak is moderately wounded.
You block the gnoll's attack. The death yak closely misses you.
You furiously retaliate!
You headbutt the death yak. You slash the death yak! You freeze the death yak.
The death yak is heavily wounded.
You block the gnoll's attack. The death yak gores you!
You hit the death yak. You freeze the death yak. You headbutt the death yak!
The death yak is heavily wounded.
The gnoll is no longer distracted by gold.
You block the gnoll's attack. The death yak gores you!!
You are too injured to fight recklessly!
You slash the death yak! You freeze the death yak.
The death yak is severely wounded.
The gnoll barely misses you.
The death yak gores you but does no damage.
You are too injured to fight recklessly!
You hit the death yak but do no damage.
The death yak is severely wounded.
You block the gnoll's attack. The death yak gores you!!
* * * LOW HITPOINT WARNING * * *
You completely miss the death yak.
The death yak is severely wounded.
You block the gnoll's attack. The death yak gores you.
* * * LOW HITPOINT WARNING * * *
The death yak gores you!
You die...
Your body crumbles into a pile of gold.

######## #
#gggY@.#
#.#g####.#
#.#.####.#
#..g..##.#
###.#.##.#
#.......#
#.##.##.#
#.##.##.#
#.##.##.#


You could see a death yak, a gnoll sergeant and 3 gnolls.

Vanquished Creatures
  A vault guard (Bailey)
  2 two-headed ogres (D:9)
  A death yak (D:10)
  Sigmund (D:6)
  4 yaks
  Eustachio (D:5)
  8 humans (Bailey)
  2 steam dragons (D:9)
  An acid dragon (D:8)
  3 sky beasts
  2 water moccasins
  3 ice beasts
  3 centaurs
  An ogre (D:6)
  A phantom (D:6)
  Blork the orc (D:6)
  2 kobold brigands
  A scorpion (D:7)
  2 gnoll sergeants (D:9)
  15 bullfrogs
  7 wights
  A killer bee (D:9)
  A howler monkey (D:9)
  7 jellies
  3 orc priests
  5 hounds
  6 iguanas
  Ijyb (D:3)
  10 orc wizards
  A gnoll (Bailey)
  6 adders
  3 shadow imps
  7 white imps
  3 ufetubi
  A worm (D:3)
  4 dart slugs
  21 orcs
  5 ball pythons
  5 bats
  3 endoplasms
  15 giant cockroaches
  11 goblins
  8 hobgoblins
  A quokka (D:2)
  2 frilled lizards
  17 kobolds
  5 rats
214 creatures vanquished.

Vanquished Creatures (others)
  Prince Ribbit (Bailey)
  4 demonic plants (D:6)
  9 fungi (D:4)
  A plant (D:2)
15 creatures vanquished.

Grand Total: 229 creatures vanquished

Notes
Turn   | Place    | Note
-------+----------+-------------------------------------------
     0 | D:1      | inmateoo the Minotaur Gladiator began the quest for the
                  | Orb.
     0 | D:1      | Reached XP level 1. HP: 18/18 MP: 0/0
   366 | D:1      | Reached XP level 2. HP: 16/25 MP: 1/1
   379 | D:1      | Reached skill level 4 in Axes
   591 | D:1      | You fall into a shaft and drop 1 floor!
  1241 | D:2      | Reached skill level 1 in Armour
  2032 | D:2      | Found a faded altar of an unknown god.
  2225 | D:3      | Reached XP level 3. HP: 30/30 MP: 2/2
  2413 | D:3      | Identified the ring "Xoitog" {MP+9 Int+6}
  2422 | D:3      | Found a broken altar of Ashenzari.
  2470 | D:3      | Reached XP level 4. HP: 38/38 MP: 3/3
  2562 | D:3      | Noticed Ijyb
  2570 | D:3      | Killed Ijyb
  2624 | D:3      | Got Alecip's Writings on Snow
  2673 | D:3      | Reached skill level 5 in Axes
  2906 | D:4      | Reached XP level 5. HP: 40/45 MP: 4/4
  3961 | D:5      | Entered Level 5 of the Dungeon
  3961 | D:5      | Noticed an ice beast
  4039 | D:5      | Killed an ice beast
  4040 | D:5      | Reached skill level 6 in Axes
  4040 | D:5      | Reached XP level 6. HP: 23/52 MP: 5/5
  4217 | D:5      | Found a radiant altar of Vehumet.
  4282 | D:5      | Noticed an ice beast
  4288 | D:5      | Killed an ice beast
  4293 | D:5      | Reached XP level 7. HP: 37/60 MP: 6/6
  4413 | D:5      | Reached skill level 5 in Dodging
  4568 | D:5      | Found Osa Sidy's Antique Armour Shop.
  4572 | D:5      | Reached skill level 5 in Fighting
  4572 | D:5      | Reached skill level 7 in Axes
  4583 | D:5      | Bought a glowing kite shield for 187 gold pieces
  4968 | D:6      | Noticed Eustachio
  4986 | D:5      | Killed Eustachio
  5095 | D:6      | Found a snail-covered altar of Cheibriados.
  5276 | D:6      | Reached skill level 8 in Axes
  5276 | D:6      | Reached XP level 8. HP: 69/69 MP: 7/7
  5451 | D:6      | Noticed Blork the orc
  5457 | D:6      | Reached skill level 5 in Armour
  5461 | D:6      | Killed Blork the orc
  5718 | D:6      | Noticed Sigmund
  5724 | D:6      | Killed Sigmund
  5725 | D:6      | Reached skill level 9 in Axes
  6476 | D:7      | Reached XP level 9. HP: 45/78 MP: 8/8
  6753 | D:7      | Reached skill level 10 in Axes
  6926 | D:7      | Found a staircase to the Ecumenical Temple.
  6946 | Temple   | Entered the Ecumenical Temple
  6955 | Temple   | Became a worshipper of Gozag Ym Sagoz the Greedy
  7263 | D:7      | Identified the +9 dagger of Kismet {freeze, Str+3}
  7896 | D:8      | Reached skill level 11 in Axes
  8037 | D:8      | Found a glowing golden altar of the Shining One.
  8037 | D:8      | Found a bloodstained altar of Trog.
  8045 | D:8      | Found a shadowy altar of Dithmenos.
  8049 | D:8      | Found a faded altar of an unknown god.
  8051 | D:8      | Found a blossoming altar of Fedhas.
  8341 | D:9      | Found Wice's Antique Weapon Emporium.
  8397 | D:9      | Found Lowneucu's Antique Weapon Shoppe.
  8428 | D:9      | Found Beduleo's Armour Boutique.
  8450 | D:9      | Found Giunoa's Book Shop.
  8641 | D:9      | Found a staircase to the Orcish Mines.
  8683 | D:9      | Found a flagged portal.
  8697 | Bailey   | Entered a bailey
  8707 | Bailey   | Reached XP level 10. HP: 74/88 MP: 9/9
  8923 | Bailey   | Reached skill level 12 in Axes
  9121 | Bailey   | Noticed Prince Ribbit
  9121 | Bailey   | Noticed a vault guard
  9133 | Bailey   | Your ally Prince Ribbit died
  9137 | Bailey   | Killed a vault guard
  9228 | Bailey   | Noticed a vault guard
  9236 | Bailey   | Noticed a quicksilver ooze
  9236 | Bailey   | a vault guard changed into a quicksilver ooze
  9515 | D:9      | Noticed a two-headed ogre
  9522 | D:9      | Killed a two-headed ogre
  9523 | D:9      | Reached skill level 13 in Axes
  9963 | D:9      | Noticed a two-headed ogre
  9972 | D:9      | Killed a two-headed ogre
  9973 | D:9      | Reached XP level 11. HP: 77/97 MP: 10/10
 10446 | D:9      | Bought a +2 plate armour of poison resistance for 518 gold
                  | pieces
 10468 | D:10     | Entered Level 10 of the Dungeon
 10513 | D:10     | Noticed a death yak
 10517 | D:10     | Noticed a death yak
 10528 | D:10     | Killed a death yak
 10538 | D:10     | Slain by a death yak

Illustrated notes

Levels and vault maps discovered:
D:1:      roderic_octagonal_star, layout_basic
D:2:      layout_basic, shapermc_ecumenical_altar_hornbeckon,
          minmay_misc_feat_enclosed
D:3:      minmay_roachtagon, layout_basic, lemuel_tele_altar, minmay_checkerbox,
          uniq_ijyb
D:4:      layout_loops_ring, serial_aquarium, aquarium_bridge_square
          [aquarium_subvault_window, aquarium_subvault_wall,
          aquarium_subvault_window, aquarium_subvault_bridge],
          aquarium_window_corner, aquarium_window_2, aquarium_window_fake,
          aquarium_window_double, aquarium_view_2f, aquarium_view_4,
          aquarium_pool_side, kennysheep_generic_room_4
D:5:      layout_rooms, vehumet_altar_wand_db, serial_shops,
          nicolae_shop_crystal
D:6:      layout_loops_ring, cheibriados_altar_1, serial_demonic,
          serial_demonic_c, serial_demonic_e, serial_demonic_d,
          serial_demonic_g, minmay_fractal_squares_5, uniq_eustachio,
          uniq_blork_the_orc, uniq_sigmund
D:7:      layout_layer_cave, minmay_temple_entry_statues_pillars
D:8:      layout_gridville, chequers_temple_overflow_minitemple,
          grunt_decor_fettered, serial_park_tiny_2
D:9:      layout_loops_corners, orc_0_dummy, enter_bailey_3, serial_shops,
          nicolae_shop_stone, nicolae_shop_crystal, nicolae_shop_hallway_stairs,
          shop, hangedman_minor_gate_pass
D:10:     layout_loops_cross, lemuel_coloured_pillars_altar, dpeg_lair_monsters,
          ebering_ghost_inner_flame
Temple:   eino_temple_lava

Skill      XL: |  1  2  3  4  5  6  7  8  9 10 |
---------------+-------------------------------+-----
Axes           | 4 5 6 8 9 11 13 | 13.5
Armour         | 1 2 3 4 6 7 9 |  9.2
Fighting       | 3 4 5 6 8 9 |  9.6
Dodging        | 4 5 6 7 9 |  9.2
Throwing       | |  2.0

Action                   |  1- 3 |  4- 6 |  7- 9 | 10-12 || total
-------------------------+-------+-------+-------+-------++-------
Melee: War axe           |    82 |    99 |    88 |   146 ||   415
       Headbutt          |    10 |    12 |    64 |    32 ||   118
       Punch             |     2 |     1 |       |       ||     3
       Falchion          |       |       |    75 |       ||    75
       Hand axe          |       |       |    89 |       ||    89
       Flail             |       |       |    13 |       ||    13
Evoke: Wand              |       |       |     1 |     7 ||     8
  Use: Scroll            |     3 |       |    20 |     2 ||    25
 Stab: Distracted        |       |       |       |     2 ||     2
Armor: Leather armour    |     5 |       |       |       ||     5
       Plate armour      |    46 |    57 |   137 |    70 ||   310
Dodge: Dodged            |    31 |    42 |    94 |    30 ||   197
Block: Other             |       |     9 |     4 |       ||    13
       Reflection        |       |     1 |    16 |       ||    17
       Kite shield       |       |       |   194 |    99 ||   293

Table legend: (Time is in decaauts)
 A = Elapsed time spent in this place.
 B = Non-inter-level travel time spent in this place.
 C = Inter-level travel time spent in this place.
 D = Time resting spent in this place.
 E = Time spent auto-exploring this place.
 F = Levels seen in this place.
 G = Mean time per level.
                   A        B        C        D        E       F      G
               +--------+--------+--------+--------+--------+-----+--------+
         Total |  10663 |  10253 |    410 |   2560 |   5912 |  12 |  888.6 |
       Dungeon |   9893 |   9490 |    403 |   2120 |   5872 |  10 |  989.3 |
        Temple |     16 |      9 |      7 |      0 |      0 |   1 |   16.0 |
        Bailey |    753 |    753 |      0 |    440 |     39 |   1 |  753.0 |
               +--------+--------+--------+--------+--------+-----+--------+

Top non-repeatable levels by time:
     D:9: 1392 daAuts
     D:7: 1375 daAuts
     D:4: 1340 daAuts
     D:1: 1150 daAuts
     D:6: 1136 daAuts
     D:2: 1067 daAuts
     D:5: 978 daAuts
  Bailey: 753 daAuts
     D:8: 693 daAuts
     D:3: 687 daAuts
    D:10: 70 daAuts
  Temple: 16 daAuts
